 Dungeon Crawl Stone Soup version 0.27.1-1-g398f81649c (webtiles) character file.

Game seed: 6180271677693822588

0 mainiacjoe the Caller (level 1, 0/10 HPs)
             Began as a Tengu Summoner on Sept 10, 2021.
             Was a Follower of Wu Jian.
             Slain by an endoplasm (2 damage)
             ... on level 1 of the Dungeon.
             The game lasted 00:00:49 (57 turns).

mainiacjoe the Caller (Tengu Summoner)                Turns: 57, Time: 00:00:50

Health: 0/10       AC:  2    Str:  8    XL:     1   Next: 10%
Magic:  4/4        EV: 12    Int: 15    God:    Wu Jian [*.....]
Gold:   14         SH:  0    Dex: 14    Spells: 3/4 levels left

rFire    . . .     SeeInvis .   (no weapon)
rCold    . . .     Faith    .   (no shield)
rNeg     . . .     Spirit   .   a - +0 robe
rPois    .         Reflect  .   (helmet restricted)
rElec    .         Harm     .   (no cloak)
rCorr    .         Rampage  .   (no gloves)
Will     .....                  (boots unavailable)
Stlth    ++........             (no amulet)
HPRegen  0.03/turn              (no ring)
MPRegen  0.09/turn              (no ring)

@: no status effects
A: beak, talons 3
a: Renounce Religion


You were on level 1 of the Dungeon.
You worshipped Wu Jian.
Wu Jian was aware of your devotion.
You visited 1 branch of the dungeon, and saw 1 of its levels.

You collected 14 gold pieces.

Inventory:

Armour
 a - a +0 robe (worn)


   Skills:
 - Level 2.1 Dodging
 - Level 2.0 Stealth
 * Level 2.0 Spellcasting
 * Level 4.8 Summonings
 + Level 0.0 Air Magic


You had 3 spell levels left.
You knew the following spells:

 Your Spells              Type           Power      Damage    Failure   Level
a - Summon Small Mammal   Summ           64%        N/A       3%          1

Your spell library contained the following spells:

 Spells                   Type           Power      Damage    Failure   Level
 Call Imp                 Summ           16%        N/A       4%          2
 Call Canine Familiar     Summ           16%        N/A       9%          3
 Summon Guardian Golem    Hex/Summ       8%         N/A       24%         3
 Summon Lightning Spire   Summ/Air       8%         N/A       63%         4


Dungeon Overview and Level Annotations

Branches:
Dungeon (1/15)

Altars:
Wu Jian


Innate Abilities, Weirdness & Mutations

You have a beak for a mouth.
You have claws for feet.


Message History

The frilled lizard misses your bat.
Your bat closely misses the frilled lizard.
Your bat hits the frilled lizard.
Your bat barely misses the frilled lizard.
Your bat misses the frilled lizard. Your bat hits the frilled lizard.
The frilled lizard dies!
You cannot tell which god this altar belongs to.
Convert to them anyway?
Okay, then.
You cannot tell which god this altar belongs to.
Convert to them anyway?
Wu Jian accepts your prayer! The Council welcomes you!
You can now perform damaging attacks by moving towards foes.
You can now lightly attack monsters by moving around them.
Magic restored.
Your bat disappears in a puff of smoke!
You now have 5 gold pieces.
Your bat disappears in a puff of smoke!
You now have 14 gold pieces (gained 9).
An endoplasm comes into view.
A bat comes into view.
You lunge at the endoplasm.
You hit the endoplasm.
The endoplasm is lightly wounded.
The endoplasm freezes you.
You are frozen.
You hit the endoplasm.
The endoplasm is heavily wounded.
The endoplasm freezes you.
You are frozen.
Ouch! That really hurt!
* * * LOW HITPOINT WARNING * * *
You are too injured to fight recklessly!
You are too injured to fight recklessly!
You are too injured to fight recklessly!
You are too injured to fight recklessly!
You are too injured to fight recklessly!
You are too injured to fight recklessly!
You completely miss the endoplasm. You peck the endoplasm.
The endoplasm is almost dead.
The endoplasm hits you.
You die...

###..........#
####.....#......###
......>_...........
####............###
#............#
#......#.#####
#.....##.# .
....#..#.#####.b..
...........@J......
.####.##.#.#####....
#. #...# . #..##
.... #.#.. #.#.. #
..


You could see an endoplasm and a bat (asleep).

Vanquished Creatures (collateral kills)
  A frilled lizard (D:1)
1 creature vanquished.

Notes
Turn   | Place    | Note
-------+----------+-------------------------------------------
     0 | D:1      | mainiacjoe the Tengu Summoner began the quest for the Orb.
     0 | D:1      | Reached XP level 1. HP: 10/10 MP: 4/4
    11 | D:1      | Found a faded altar of an unknown god.
    26 | D:1      | Became a worshipper of the Wu Jian Council
    26 | D:1      | Reached * piety under Wu Jian
    57 | D:1      | Slain by an endoplasm

Illustrated notes

Levels and vault maps discovered:
D:1:      kennysheep_arrival_forest, layout_rooms, basic_ecumenical_altar

Action                   || total
-------------------------++-------
Melee: Unarmed           ||     3
       Peck              ||     1
 Cast: Summon Small Mamm ||     2
Invok: Lunge             ||     1
